 Dungeon Crawl Stone Soup version bcrawl-1.12-8-g964540c432 (webtiles) character file.

Game seed: 3695264157341798489

171968 MisterOstroum the Brawler (level 17, -25/184 HPs)
             Began as a Troll Hunter on June 3, 2019.
             Was the Champion of Okawaru.
             Annihilated by a two-headed ogre
             ... wielding a +0 giant club
              (29 damage)
             ... while paralysed
             ... on level 1 of the Vaults on June 4, 2019.
             The game lasted 02:32:37 (25599 turns).

MisterOstroum the Brawler (Troll Hunter)           Turns: 25599, Time: 02:32:37

Health: -25/184    AC: 12    Str: 29    XL:     17   Next: 15%
Magic:  0/21       EV:  1    Int: 10    God:    Okawaru [******]
Gold:   1237       SH:  0    Dex: 10    Spells: 16/16 levels left

rFire    + + .     SeeInvis +     - Unarmed
rCold    + + .     Gourm    +   K - +2 shield {rC+ rF+}
rNeg     + . .     Faith    .   (armour unavailable)
rPois    .         Spirit   +   C - +0 hat of the Grey Skies {rF+ rN+ Int+2}
rElec    .         Reflect  .   W - scarf {Spirit}
rCorr    .         Harm     .   (gloves unavailable)
MR       +....                  (boots unavailable)
Stlth    +.........             J - amulet of rage
HPRegen  1.20/turn              q - +3 ring of evasion
MPRegen  0.17/turn              x - ring of see invisible

@: paralysed, marked, berserk cooldown, slowed
A: large, almost no armour, unfitting armour, claws 3, cold resistance 1, fast
metabolism 3, gourmand, regeneration 2, AC +12
}: 1/15 runes: decaying
a: Heroism, Finesse, Renounce Religion, Evoke Berserk Rage


You were on level 1 of the Vaults.
You worshipped Okawaru.
Okawaru was exalted by your worship.
You were completely stuffed.

You visited 6 branches of the dungeon, and saw 24 of its levels.

You collected 2826 gold pieces.
You spent 1589 gold pieces at shops.

Inventory:

Hand Weapons
 a - the +8 mace of Courage {flame, *Rage rElec rN+ MR+++}
   (You found it on level 9 of the Dungeon)

   It has been specially enchanted to burn those struck by it, causing extra
   injury to most foes and up to half again as much damage against particularly
   susceptible opponents.
   It insulates you from electricity.
   It protects you from negative energy.
   It affects your resistance to hostile enchantments.
   It may make you go berserk in combat.
 b - a +9 blowgun
Missiles
 g - 12 curare-tipped needles {!f}
 u - 79 needles of confusion
 w - 1469 poisoned needles
 A - 66 tomahawks of dispersal {!f}
 B - 244 poisoned tomahawks
 D - 295 javelins
 G - 260 tomahawks (quivered)
 U - 26 javelins of penetration
 V - 90 silver javelins
 Y - 4 throwing nets {!f!f}
 Z - 300 large rocks
Armour
 C - the +0 hat of the Grey Skies (worn) {rF+ rN+ Int+2}
   (Okawaru gifted it to you on level 5 of the Lair of Beasts)

   It affects your intelligence (+2).
   It protects you from fire.
   It protects you from negative energy.
 K - a +2 shield of resistance (worn)
 W - a scarf of spirit shield (worn)
Jewellery
 l - the amulet of Poomnoridgh {Acrobat Str+5}
   (You acquired it on level 2 of the Swamp)

   [amulet of the acrobat]

   It helps you evade while moving and waiting.
   It affects your strength (+5).
 q - a +3 ring of evasion (left claw)
 x - a ring of see invisible (right claw)
 z - an uncursed ring of insulation
 J - an amulet of rage (around neck)
 S - an uncursed ring of poison resistance
Wands
 c - a wand of iceblast (7)
 i - a wand of acid (33)
 n - a wand of scattershot (5)
 t - a wand of paralysis (18)
 y - a wand of polymorph (3)
 L - a wand of digging (5)
 P - a wand of enslavement (9)
Scrolls
 k - 7 scrolls of magic mapping {@r5 !r}
 o - 7 scrolls of teleportation {@r3 !r}
 v - 2 scrolls of summoning
 E - 3 scrolls of fog {!r}
 O - 8 scrolls of remove curse {@r2}
 R - a scroll of torment
 T - 7 scrolls of blinking {@r4}
Potions
 d - a potion of agility {@q5 !q}
 h - a potion of berserk rage
 j - 4 potions of mutation
 m - 6 potions of flight
 p - a potion of curing {@q1 !q}
 r - a potion of magic
 s - 3 potions of cancellation
 H - 2 potions of resistance
 I - 2 potions of might
 M - 3 potions of haste {@q4 !q}
 Q - a potion of invisibility
Miscellaneous
 f - a lamp of fire
 N - a lightning rod (4/4)
Comestibles
 e - 37 rations {!d}
 F - 27 chunks of flesh


   Skills:
 - Level 15.0 Fighting
 + Level 10.7 Throwing
 * Level 8.0 Dodging
 - Level 0.4 Stealth
 - Level 9.0 Shields
 - Level 15.0 Unarmed Combat
 - Level 7.0 Invocations
 - Level 5.0 Evocations


You had 16 spell levels left.
You didn't know any spells.
Your spell library contained the following spells:

 Spells                   Type           Power        Failure   Level  Hunger
 Corona                   Hex            #......      36%         1    ##.....
 Flame Tongue             Conj/Fire      #....        36%         1    ##.....
 Sting                    Conj/Pois      #...         36%         1    ##.....
 Ensorcelled Hibernation  Hex/Ice        #.....       50%         2    ###....
 Poisonous Vapours        Pois/Air       #.....       50%         2    ###....
 Confuse                  Hex            #.......     75%         3    ####...
 Conjure Flame            Conj/Fire      #.......     75%         3    ####...
 Dazzling Spray           Conj/Hex       #.....       75%         3    ####...
 Ignite Poison            Fire/Tmut/Pois #.......     75%         3    ####...
 Inner Flame              Hex/Fire       N/A          75%         3    ####...
 Tukima's Dance           Hex            #.......     75%         3    ####...
 Ice Form                 Ice/Tmut       #.......     98%         4    #####..
 Olgreb's Toxic Radiance  Pois           #.......     98%         4    #####..
 Petrify                  Tmut/Erth      #.......     98%         4    #####..
 Sticky Flame             Conj/Fire      #.......     98%         4    #####..
 Summon Scorpions         Summ/Pois      #.......     98%         4    #####..
 Fireball                 Conj/Fire      #.........   100%        5    ######.
 Metabolic Englaciation   Hex/Ice        #.........   100%        5    ######.
 Venom Bolt               Conj/Pois      #.........   100%        5    ######.
 Bolt of Cold             Conj/Ice       #.........   100%        6    #######
 Freezing Cloud           Conj/Ice/Air   #.........   100%        6    #######
 Iron Shot                Conj/Erth      #.........   100%        6    #######
 Ozocubu's Refrigeration  Ice            #.........   100%        6    #######
 Simulacrum               Ice/Necr       #.........   100%        6    #######


Dungeon Overview and Level Annotations

Branches:
Dungeon (12/12)            Temple (1/1) D:4            Lair (6/6) D:7
  Swamp (3/3) Lair:3        Snake (0/3) Lair:4        Slime (0/5) Lair:6
    Orc (1/1) D:9             Elf (0/3) Orc          Vaults (1/3) D:12
 Depths (0/5) D:12
  Crypt: Vaults:1-2

Altars:
Ashenzari
Cheibriados
Dithmenos
Elyvilon
Fedhas
Gozag
Hepliaklqana
Kikubaaqudgha
Lugonu
Makhleb
Nemelex Xobeh
Okawaru
Qazlal
Ru
Sif Muna
Trog
Uskayaw
Vehumet
Wu Jian
Xom
Yredelemnul
Zin
The Shining One
Beogh
Jiyva

Shops:
D:11 (   Orc :*[([=

Portals:
Trove: D:10 (give 8 potions of haste)

Annotations:
D:10 2 transporters, EnegeticOcto's ghost, journeyman DWAc
D:11 3 runed translucent doors, Morbidden's ghost, journeyman DWRg
Lair:2 1 runed translucent door, Suk Xiy's ghost, journeyman DrTm


Innate Abilities, Weirdness & Mutations

You cannot wear most types of armour.
Your thick skin is tough. (AC +12)
You are too large for most types of armour.
You have claws for hands.
Your flesh is cold resistant. (rC+)
Your metabolism is lightning-fast.
You like to eat raw meat.
You heal very quickly.


Message History

You completely miss the ogre.
The ogre is almost dead.
The ogre completely misses you.
The tengu reaver gestures at you while chanting.
The bolt of lightning misses you.
You barely miss the ogre.
The ogre is almost dead.
The vault warden activates a sealing rune.
Okay, then.
A red film seems to cover your vision as you go berserk!
Your finesse ends abruptly.
You feel yourself moving faster!
You feel mighty! You block the yaktaur's attack.
The ironbrand convoker points at the ogre and mumbles some strange words.
The ogre seems to grow stronger.
You mangle the yaktaur!!
The yaktaur is severely wounded.
You mangle the yaktaur!!
You kill the yaktaur!
Okawaru accepts your kill.
You closely miss the tengu reaver.
The tengu reaver is heavily wounded.
You claw the tengu reaver!
The tengu reaver is severely wounded.
The tengu reaver gestures wildly while chanting.
The tengu reaver conjures a globe of magical energy!
A battlesphere comes into view.
You claw the tengu reaver!
The tengu reaver is almost dead.
You block the vault warden's attack.
You claw the tengu reaver!
You kill the tengu reaver!
Okawaru accepts your kill.
The battlesphere dissipates.
The yaktaur wields a +0 arbalest.
The yaktaur shoots a bolt.
You block the bolt.
You mangle the vault warden!!
The vault warden is moderately wounded.
The vault warden activates a sealing rune.
The ironbrand convoker casts a spell at the vault warden.
The vault warden seems to grow stronger.
You scratch the vault warden.
The vault warden is moderately wounded.
You mangle the vault warden!!
The vault warden is severely wounded.
The vault warden hits you with a +1 glaive of freezing!
The ironbrand convoker barely misses you.
You eviscerate the vault warden!!!
You kill the vault warden!
Okawaru accepts your kill.
The runic seals fade away.
Your base Dodging skill increases to level 8!
You block the ironbrand convoker's attack.
Items here: )) ? [ a +1 glaive of freezing; a +2 hand crossbow of freezing; a +0 chain mail a scroll of teleportation {@r3 !r} You eviscerate the ironbrand convoker!!!
The ironbrand convoker is severely wounded.
The ironbrand convoker misses you.
You mangle the ironbrand convoker!!
You kill the ironbrand convoker!
Okawaru accepts your kill.
The ironbrand convoker begins to recite a word of recall!
An ogre comes into view. It is wielding a +0 giant spiked club.
You mangle the ogre!!
You kill the ogre!
Okawaru accepts your kill.
You are no longer berserk.
You pass out from exhaustion.
You feel yourself slow down.
The yaktaur unwields a +0 arbalest.
The yaktaur hits you but does no damage.
The yaktaur unwields a +0 arbalest.
The yaktaur hits you! The yaktaur hits you!!
The deep elf archer is recalled.
The deep elf mage is recalled.
The ironbrand convoker is recalled.
The two-headed ogre is recalled.
The two-headed ogre hits you with a +0 giant club!
The two-headed ogre hits you with a +0 giant spiked club!
An ironbrand convoker comes into view. It is wielding a -1 great mace.
A deep elf archer comes into view. It is wielding a +0 short sword.
A deep elf mage comes into view. It is wielding a +0 long sword.
The yaktaur hits you!! The yaktaur barely misses you.
An ironbrand convoker comes into view.
It is wielding a +4 great mace of protection.
The ironbrand convoker hits you with a cursed -1 great mace!
* * * LOW HITPOINT WARNING * * *
The deep elf mage hits you but does no damage.
The two-headed ogre hits you with a +0 giant club!!
* * * LOW HITPOINT WARNING * * *
The two-headed ogre hits you but does no damage.
The ironbrand convoker casts a spell at the ironbrand convoker.
The ironbrand convoker seems to grow stronger.
The yaktaur hits you.
* * * LOW HITPOINT WARNING * * *
The yaktaur hits you but does no damage.
You feel like a meek peon again.
The deep elf archer hits you with a +0 short sword!
* * * LOW HITPOINT WARNING * * *
The deep elf mage hits you but does no damage.
The ironbrand convoker hits you but does no damage.
The ironbrand convoker hits you with a cursed -1 great mace.
* * * LOW HITPOINT WARNING * * *
The two-headed ogre hits you with a +0 giant club!!
You die...

#......# #......#
#......# #......#
#......# #....).#
#####+###O##########+####
........cpc.............#
...p...O.@p.............#
##....O.eOe.............#
#......................#
#......................#
#......................#
#......................#
+.......##+######......#
######### #......# .#
#......#


You could see a two-headed ogre, a deep elf archer, 3 ironbrand convokers, 2
yaktaurs, a deep elf mage and 3 ogres.

Vanquished Creatures
  the Lernaean hydra (Swamp:3)
  Rupert (Lair:6)
  Jorgrun (D:9)
  Kirke (Lair:3)
  4 thorn hunters
  A tengu reaver (Vaults:1)
  A storm dragon (Vaults:1)
  2 vault wardens (Vaults:1)
  2 orc warlords (Orc)
  A deep elf sorcerer (Vaults:1)
  3 ironheart preservers (Vaults:1)
  2 entropy weavers (Lair:6)
  2 yaktaur captains
  An ice dragon (Vaults:1)
  Harold (Lair:2)
  20 hydras
  A centaur warrior (D:11)
  3 catoblepae (Lair:6)
  Erica (D:9)
  10 alligators
  3 ogre magi
  12 death yaks
  A queen ant (Lair:6)
  A tengu warrior (D:11)
  11 two-headed ogres
  An orc high priest (Orc)
  Sonja (Orc)
  2 deep elf knights (Vaults:1)
  Nergalle (D:9)
  5 skeletal warriors (D:11)
  5 unseen horrors
  An ironbrand convoker (Vaults:1)
  2 spriggan druids (Swamp:2)
  11 swamp dragons
  A lindwurm (Lair:4)
  A deep elf archer (Vaults:1)
  3 orc knights (Orc)
  4 deep elf magi
  3 cyclopes (D:11)
  An oklob plant (Lair:6)
  3 orc sorcerers (Orc)
  An ugly thing (D:11)
  19 elephants
  4 manticores
  2 naga magi (D:12)
  4 black mambas
  A vault sentinel (Vaults:1)
  A centaur zombie (D:10)
  A torpor snail (shapeshifter) (D:12)
  A torpor snail (Lair:2)
  19 cane toads
  A freezing wraith (Vaults:1)
  3 yaktaurs
  A kobold demonologist (D:11)
  2 rime drakes (Lair:5)
  A komodo dragon (shapeshifter) (D:12)
  7 komodo dragons
  7 trolls
  5 tyrant leeches
  A hornet (Swamp:1)
  21 slime creatures
  6 bog bodies
  21 blink frogs
  Grinder (D:4)
  6 dream sheep
  5 hippogriffs
  A spriggan (shapeshifter) (D:12)
  A shadow (D:12)
  3 wraiths
  A redback (shapeshifter) (D:11)
  4 wyverns
  3 spriggans
  A vampire (D:10)
  5 hogs (Lair:3)
  28 yaks
  A golden eye (shapeshifter) (D:11)
  4 basilisks
  A yaktaur simulacrum (Vaults:1)
  A hungry ghost (D:7)
  32 vampire mosquitoes
  11 swamp worms
  2 nagas (Lair:4)
  2 wargs (Orc)
  25 soldier ants
  An acid dragon (D:12)
  9 water moccasins
  4 porcupines
  20 orc warriors
  A hornet zombie (D:10)
  6 sky beasts
  12 swamp drakes
  2 black bears
  A necrophage (D:10)
  An eye of draining (shapeshifter) (D:12)
  2 ice beasts
  20 ogres
  2 phantoms
  3 wolves
  6 centaurs
  15 crocodiles
  5 big kobolds
  19 bullfrogs
  7 scorpions
  A water moccasin skeleton (D:5)
  10 killer bees
  2 howler monkeys (D:8)
  6 electric eels (D:9)
  3 crimson imps
  5 hounds
  2 jellies (D:5)
  15 orc priests
  26 orc wizards
  4 bullfrog skeletons
  3 centaur skeletons
  2 iguanas
  22 worker ants
  2 hound skeletons
  A howler monkey zombie (D:5)
  A howler monkey skeleton (D:8)
  9 adders
  A shadow imp (D:12)
  An ooze (D:7)
  An adder zombie (D:5)
  3 adder skeletons
  A worm (D:5)
  4 dart slugs
  8 leopard geckos
  55 orcs
  2 giant cockroaches
  6 goblins
  7 hobgoblins
  7 jackals
  31 kobolds
  2 quokkas
  5 bats
  3 frilled lizards
  6 rats
792 creatures vanquished.

Vanquished Creatures (others)
  14 fungi
  5 plants
19 creatures vanquished.

Grand Total: 811 creatures vanquished

Notes
Turn   | Place    | Note
-------+----------+-------------------------------------------
     0 | D:1      | MisterOstroum the Troll Hunter began the quest for the Orb.
     0 | D:1      | Reached XP level 1. HP: 19/19 MP: 0/0
   231 | D:1      | Reached XP level 2. HP: 28/28 MP: 1/1
   471 | D:1      | Reached skill level 1 in Unarmed Combat
  1026 | D:1      | Reached XP level 3. HP: 35/35 MP: 2/2
  1388 | D:2      | Found an ornate altar of the Wu Jian Council.
  1809 | D:2      | Found an ancient bone altar of Kikubaaqudgha.
  1923 | D:2      | Gained mutation: Your natural rate of healing is unusually
                  | fast. [Troll growth]
  1923 | D:2      | Reached XP level 4. HP: 34/44 MP: 3/3
  2237 | D:3      | Found an opulent altar of Gozag.
  2331 | D:3      | Noticed an ogre
  2649 | D:4      | Reached XP level 5. HP: 48/50 MP: 4/4
  2785 | D:4      | Noticed Grinder
  2797 | D:4      | Paralysed by Grinder for 3 turns
  2821 | D:4      | Noticed an ogre
  2823 | D:4      | Killed Grinder
  2823 | D:4      | Reached skill level 5 in Throwing
  2823 | D:4      | Reached XP level 6. HP: 61/61 MP: 5/5
  2881 | D:3      | Reached XP level 7. HP: 68/68 MP: 6/6
  3036 | D:4      | Found a staircase to the Ecumenical Temple.
  3065 | Temple   | Entered the Ecumenical Temple
  3890 | D:5      | Entered Level 5 of the Dungeon
  3947 | D:5      | Reached skill level 5 in Unarmed Combat
  3973 | D:5      | Found a glowing golden altar of the Shining One.
  4160 | D:5      | Reached XP level 8. HP: 79/79 MP: 7/7
  4290 | D:5      | Reached skill level 5 in Fighting
  4865 | D:6      | Noticed a hippogriff
  4867 | D:6      | Found a white marble altar of Elyvilon.
  4871 | D:6      | Killed a hippogriff
  4993 | D:6      | Reached XP level 9. HP: 89/89 MP: 8/8
  5485 | D:7      | Reached skill level 1 in Evocations
  5743 | D:7      | Found a staircase to the Lair.
  5743 | D:7      | Noticed an elephant
  5743 | D:7      | Noticed a death yak
  5760 | D:7      | Killed an elephant
  5766 | D:7      | Killed a death yak
  5766 | D:7      | Reached XP level 10. HP: 33/102 MP: 10/10
  6493 | D:8      | Found an iron altar of Okawaru.
  6510 | D:8      | Became a worshipper of Warmaster Okawaru
  6880 | D:8      | Killed an unseen horror
  7092 | D:8      | Reached * piety under Okawaru
  8067 | D:9      | Reached skill level 5 in Dodging
  8077 | D:9      | Reached ** piety under Okawaru
  8115 | D:9      | Found a snail-covered altar of Cheibriados.
  8118 | D:9      | Found a blossoming altar of Fedhas.
  8121 | D:9      | Found a shattered altar of Ashenzari.
  8131 | D:9      | Found a stormy altar of Qazlal.
  8276 | D:9      | Reached XP level 11. HP: 97/111 MP: 12/12
  8330 | D:9      | Noticed Nergalle
  8337 | D:9      | Killed Nergalle
  8508 | D:9      | Reached *** piety under Okawaru
  8585 | D:9      | Noticed Erica
  8596 | D:9      | Killed Erica
  8622 | D:9      | Found a staircase to the Orcish Mines.
  8819 | D:9      | Killed an unseen horror
  9019 | D:9      | Got a slimy mace
  9077 | D:9      | Identified the +8 mace of Courage {flame, *Rage rElec rN+
                  | MR+++} (You found it on level 9 of the Dungeon)
  9364 | D:10     | Entered Level 10 of the Dungeon
  9368 | D:10     | Received a gift from Okawaru
  9865 | D:10     | Noticed a skeletal warrior
  9869 | D:10     | Found a transporter.
  9869 | D:10     | Noticed EnegeticOcto's ghost (journeyman DWAc)
  9869 | D:10     | Noticed a vampire knight
 10004 | D:10     | Noticed a skeletal warrior
 10005 | D:10     | Found a transporter.
 10153 | D:11     | Noticed a seven-headed hydra
 10264 | Lair:1   | Entered Level 1 of the Lair of Beasts
 10380 | Lair:1   | Reached **** piety under Okawaru
 10592 | Lair:1   | Reached skill level 5 in Evocations
 10615 | Lair:1   | Gained mutation: You heal very quickly. [Troll growth]
 10615 | Lair:1   | Reached XP level 12. HP: 77/123 MP: 14/14
 10763 | Lair:1   | Reached skill level 1 in Invocations
 10827 | Lair:1   | Reached ***** piety under Okawaru
 10941 | Lair:1   | Received a gift from Okawaru
 11786 | Lair:2   | Noticed Harold
 11798 | Lair:2   | Killed Harold
 12061 | Lair:2   | Found a runed translucent door.
 12175 | Lair:2   | Noticed a six-headed hydra
 12181 | Lair:2   | Killed a six-headed hydra
 12181 | Lair:2   | Reached skill level 10 in Unarmed Combat
 12206 | Lair:2   | Noticed Suk Xiy's ghost (journeyman DrTm)
 12827 | Lair:3   | Reached skill level 1 in Shields
 12833 | Lair:3   | Reached skill level 10 in Throwing
 12835 | Lair:3   | Received a gift from Okawaru
 12919 | Lair:3   | Found a staircase to the Swamp.
 12966 | Lair:3   | Reached skill level 10 in Fighting
 13042 | Lair:3   | Received a gift from Okawaru
 13582 | Lair:3   | Noticed Kirke
 13591 | Lair:3   | Killed Kirke
 13591 | Lair:3   | Reached XP level 13. HP: 117/133 MP: 15/15
 13875 | Lair:4   | Identified the Grimoire of Harmful Moulding
 14194 | Lair:4   | Found a staircase to the Snake Pit.
 14979 | Lair:5   | Received a gift from Okawaru
 15015 | Lair:5   | Reached skill level 5 in Invocations
 15584 | Lair:6   | Entered Level 6 of the Lair of Beasts
 15598 | Lair:6   | Received a gift from Okawaru
 15804 | Lair:6   | Received a gift from Okawaru
 15920 | Lair:5   | Received a gift from Okawaru
 15923 | Lair:5   | Got a fine hat {god gift}
 15930 | Lair:5   | Identified the +0 hat of the Grey Skies {rF+ rN+ Int+2}
                  | (Okawaru gifted it to you on level 5 of the Lair of Beasts)
 16212 | Lair:6   | Noticed Rupert
 16220 | Lair:6   | Killed Rupert
 16220 | Lair:6   | Reached XP level 14. HP: 113/146 MP: 15/17
 17030 | Lair:6   | Noticed an entropy weaver
 17039 | Lair:6   | Killed an entropy weaver
 17039 | Lair:6   | Received a gift from Okawaru
 17143 | Lair:6   | Found a staircase to the Slime Pits.
 17149 | Lair:6   | Noticed an entropy weaver
 17159 | Lair:6   | Killed an entropy weaver
 17159 | Lair:6   | Received a gift from Okawaru
 17166 | Lair:6   | Got a translucent hat {god gift}
 17178 | Lair:6   | Found a viscous altar of Jiyva.
 17861 | Lair:6   | Identified the -2 hat "Xecitt" {*Corrode rN+ Str+4}
                  | (Okawaru gifted it to you on level 6 of the Lair of Beasts)
 17980 | Swamp:1  | Entered Level 1 of the Swamp
 18590 | Swamp:1  | Noticed a thorn hunter
 18602 | Swamp:1  | Killed a thorn hunter
 18629 | Swamp:1  | HP: 5/150 [alligator (7)]
 18633 | Swamp:1  | Reached XP level 15. HP: 5/158 MP: 19/19
 18643 | Swamp:2  | Noticed a thorn hunter
 18650 | Swamp:3  | Entered Level 3 of the Swamp
 18651 | Swamp:3  | Reached skill level 5 in Shields
 18655 | Swamp:3  | HP: 5/158 [vampire mosquito (5)]
 18925 | Swamp:3  | Received a gift from Okawaru
 18990 | Swamp:3  | Noticed the 27-headed Lernaean hydra
 18996 | Swamp:3  | Killed the 27-headed Lernaean hydra
 19127 | Swamp:3  | Got a decaying rune of Zot
 19755 | Swamp:2  | Noticed a thorn hunter
 19777 | Swamp:2  | Killed a thorn hunter
 19777 | Swamp:2  | Received a gift from Okawaru
 19781 | Swamp:2  | Killed a thorn hunter
 20411 | Swamp:1  | Identified the +1 falchion of Mogo Zeo {venom, Fragile
                  | rPois rF++ SInv}
 20760 | Swamp:2  | Identified a scroll of acquirement
 20763 | Swamp:2  | Identified the amulet of Poomnoridgh {Acrobat Str+5} (You
                  | acquired it on level 2 of the Swamp)
 20944 | Swamp:2  | Noticed a thorn hunter
 20972 | Swamp:2  | Killed a thorn hunter
 20972 | Swamp:2  | Reached skill level 15 in Unarmed Combat
 21630 | Orc      | Entered the Orcish Mines
 21693 | Orc      | Gained mutation: Your flesh is cold resistant. (rC+) [Troll
                  | growth]
 21693 | Orc      | Reached XP level 16. HP: 171/171 MP: 20/20
 21716 | Orc      | Found Kessuej's Jewellery Shop.
 21745 | Orc      | Noticed Jorgrun
 21870 | D:9      | Killed Jorgrun
 21870 | D:9      | Received a gift from Okawaru
 21870 | D:9      | Reached ****** piety under Okawaru
 22091 | Orc      | Paralysed by an orc sorcerer for 2 turns
 22102 | Orc      | Received a gift from Okawaru
 22178 | Orc      | Found a roughly hewn altar of Beogh.
 22228 | Orc      | Found Onkiottan's Antique Weapon Shoppe.
 22270 | Orc      | Found Gicuh's General Store.
 22272 | Orc      | Found Yshreoxu's Book Shoppe.
 22299 | Orc      | Bought a scroll of blinking for 82 gold pieces
 22299 | Orc      | Bought a potion of cancellation for 88 gold pieces
 22299 | Orc      | Bought a wand of acid (14) for 396 gold pieces
 22299 | Orc      | Bought a potion of magic for 88 gold pieces
 22367 | Orc      | Noticed Sonja
 22488 | Orc      | Found Belouje's Antique Armour Shoppe.
 22498 | Orc      | Bought a jewelled shield for 323 gold pieces
 22498 | Orc      | Identified the cursed +0 shield of Orthodoxy {rC+ Dex+6
                  | Stlth+} (You bought it in a shop in the Orcish Mines)
 22498 | Orc      | Bought a runed scarf for 272 gold pieces
 22521 | Orc      | Found a staircase to the Elven Halls.
 22579 | Orc      | Killed Sonja
 22847 | Orc      | Found Fimpoqu's Antique Armour Shoppe.
 22863 | Orc      | Bought an uncursed ring of insulation for 340 gold pieces
 23186 | D:10     | Found a portal to a secret trove of treasure.
 23558 | D:11     | Received a gift from Okawaru
 23781 | D:11     | Received a gift from Okawaru
 23932 | D:11     | Found Xoyrasylu's Antique Weapon Emporium.
 24003 | D:11     | Found a runed translucent gate.
 24003 | D:11     | Found a runed translucent gate.
 24003 | D:11     | Noticed Morbidden's ghost (journeyman DWRg)
 24004 | D:11     | Found a runed translucent gate.
 24195 | D:12     | Entered Level 12 of the Dungeon
 24429 | D:12     | Received a gift from Okawaru
 24455 | D:12     | Found a gate to the Vaults.
 24860 | D:12     | Found an ornate altar of the Wu Jian Council.
 24921 | D:12     | Found a staircase to the Depths.
 25049 | Vaults:1 | Entered Level 1 of the Vaults
 25104 | Vaults:1 | Reached skill level 15 in Fighting
 25194 | Vaults:1 | Noticed a storm dragon
 25204 | Vaults:1 | Killed a storm dragon
 25336 | Vaults:1 | Received a gift from Okawaru
 25433 | Vaults:1 | Reached XP level 17. HP: 174/184 MP: 12/21
 25599 | Vaults:1 | HP: 9/184 [deep elf archer/+0 short sword[an ironheart
                  | preserver] (7)]
 25599 | Vaults:1 | HP: 4/184 [ironbrand convoker/cursed -1 great mace (5)]
 25599 | Vaults:1 | Annihilated by a two-headed ogre

Skill      XL: |  1  2  3  4  5  6  7  8  9 10 11 12 13 14 15 16 17 |
---------------+----------------------------------------------------+-----
Unarmed Combat | 1 2 3 4 5 6 7 9 10 12 13 15 | 15.0
Fighting       | 2 3 4 5 7 8 9 10 11 12 13 15 | 15.0
Throwing       | 4 5 6 7 8 9 10 | 10.7
Dodging        | 2 3 5 7 8 |  8.0
Evocations     | 2 3 5 |  5.0
Invocations    | 4 5 7 |  7.0
Shields        | 2 3 4 6 9 |  9.0
Stealth        | |  0.4

Action                   |  1- 3 |  4- 6 |  7- 9 | 10-12 | 13-15 | 16-18 || total
-------------------------+-------+-------+-------+-------+-------+-------++-------
Melee: Unarmed           |    94 |    34 |   212 |   499 |   701 |   309 ||  1849
       Punch             |       |       |     3 |    13 |       |       ||    16
       Mace              |       |       |       |     2 |     6 |       ||     8
 Fire: Blowgun           |       |     3 |       |       |       |    12 ||    15
Throw: Large rock        |     8 |     8 |    20 |    84 |    61 |    15 ||   196
       Stone             |    83 |    83 |   114 |   235 |   163 |    91 ||   769
       Tomahawk          |       |     1 |    19 |   121 |   435 |   170 ||   746
       Javelin           |       |       |     9 |    24 |    55 |   161 ||   249
       Throwing net      |       |       |       |     2 |     3 |       ||     5
Invok: Heroism           |       |       |       |     9 |    21 |     7 ||    37
       Finesse           |       |       |       |       |     2 |     2 ||     4
Evoke: Wand              |       |       |     3 |     5 |       |     1 ||     9
  Use: Scroll            |       |       |    10 |    17 |    12 |     2 ||    41
       Potion            |       |       |       |     2 |     8 |     1 ||    11
 Stab: Sleeping          |       |       |     1 |     1 |       |       ||     2
       Petrified         |       |       |       |       |     3 |       ||     3
       Petrifying        |       |       |       |       |     1 |       ||     1
  Eat: Chunk             |    17 |     6 |    20 |    48 |    48 |    26 ||   165
Armor: Skin              |    27 |    18 |   102 |   195 |   135 |    35 ||   512
Dodge: Dodged            |    33 |    21 |    87 |   260 |   297 |   144 ||   842
Block: Shield            |       |       |       |    68 |   307 |   176 ||   551
